 Dungeon Crawl Stone Soup version 0.30-a0-50-gb2d611f6b1 (webtiles) character file.

Game seed: 6841182962759887866

271 LnG the Chopper (level 6, -6/56 HPs)
             Began as a Hill Orc Fighter on Sept 5, 2022.
             Killed by divine providence
             ... invoked by an orc priest
              (15 damage)
             ... on level 5 of the Dungeon.
             The game lasted 00:07:26 (3147 turns).

LnG the Chopper (Hill Orc Fighter)                  Turns: 3147, Time: 00:07:27

Health: -6/56      AC:  8    Str: 21    XL:     6   Next: 23%
Magic:  6/6        EV:  9    Int:  8    God:
Gold:   356        SH:  4    Dex: 10    Spells: 5/5 levels left

rFire   . . .      SeeInvis .    a - +0 war axe
rCold   . . .      Faith    .    c - +0 buckler
rNeg    . . .      Spirit   .    b - +0 scale mail
rPois   .          Reflect  .    r - +0 helmet
rElec   .          Harm     .    (no cloak)
rCorr   .          Rampage  .    (no gloves)
Will    .....                    (no boots)
Stlth   ..........               e - amulet of the acrobat
HPRegen 0.18/turn                (no ring)
MPRegen 0.10/turn                (no ring)

@: no status effects
A: no striking features
a: Convert to Beogh


You were on level 5 of the Dungeon.
You visited 1 branch of the dungeon, and saw 5 of its levels.

You collected 356 gold pieces.

Inventory:

Hand Weapons
 a - a +0 war axe (weapon)
Missiles
 n - 6 boomerangs (quivered)
Armour
 b - a +0 scale mail (worn)
 c - a +0 buckler (worn)
 r - a +0 helmet (worn)
Jewellery
 e - an amulet of the acrobat (around neck)
 p - an amulet of guardian spirit
 w - an amulet of magic regeneration
Wands
 v - a wand of acid (5)
Scrolls
 h - 2 scrolls of noise {unknown}
 i - 4 scrolls of identify {unknown}
 j - a scroll of torment {unknown}
 k - 2 scrolls of poison {unknown}
 o - 2 scrolls of enchant armour {unknown}
 t - a scroll of immolation {unknown}
 x - a scroll of vulnerability {unknown}
 y - 3 scrolls of teleportation {unknown}
 z - a scroll of fog {unknown}
 A - a scroll of enchant weapon {unknown}
Potions
 d - 2 potions of might
 f - 5 potions of berserk rage {unknown}
 g - a potion of invisibility {unknown}
 m - a potion of cancellation
 q - a potion of heal wounds {unknown}
 s - a potion of brilliance {unknown}
 u - a potion of ambrosia {unknown}


   Skills:
 + Level 5.1 Fighting
 + Level 5.5 Axes
 + Level 4.2 Armour
 + Level 1.0 Dodging
 + Level 4.1 Shields


You had 5 spell levels left.
You didn't know any spells.
Your spell library contained the following spells:

 Spells                   Type           Power      Damage    Failure   Level
 Ensorcelled Hibernation  Hex/Ice        0%         N/A       92%         2
 Spider Form              Tmut/Pois      0%         N/A       99%         3
 Anguish                  Hex/Necr       0%         N/A       100%        4
 Animate Dead             Necr           0%         N/A       100%        4
 Borgnjor's Vile Clutch   Necr/Erth      0%         N/A       100%        5
 Death Channel            Necr           0%         N/A       100%        6


Dungeon Overview and Level Annotations

Branches:
Dungeon (5/15)
 Temple: D:4-7

Altars:
Fedhas
Ru
Trog
Vehumet
The Shining One

Annotations:
D:3 3 runed translucent doors, exclusion: oklob plant, SirDiesAlot's ghost, amateur DENe


Message History

The orc priest hits you from afar with a +0 trident.
* * * LOW HITPOINT WARNING * * *
It was a potion of cancellation.
You feel magically purged. The hound barely misses you.
The adder bites you but does no damage. You block the hound's attack.
You block the orc priest's attack.
You feel better. The adder bites you.
* * * LOW HITPOINT WARNING * * *
The hound closely misses you.
A dart slug comes into view.
The adder bites you but does no damage. You block the orc priest's attack.
You barely miss the hound.
The hound is lightly wounded.
You barely miss the adder. The hound bites you but does no damage.
The adder closely misses you. The hound bites you but does no damage.
The orc priest hits you but does no damage.
You slash the hound!
The hound is severely wounded.
You slash the adder! You slash the worm!
The hound bites you but does no damage. You block the adder's attack.
The orc priest hits you but does no damage.
The hound bites you but does no damage. The adder barely misses you.
You hit the hound.
The hound is almost dead.
You hit the adder.
You kill the adder!
The orc priest shouts, "Beogh is our master!
Accept the truth or die!"
You slash the worm!
You kill the worm!
The hound bites you but does no damage.
The orc priest hits you from afar with a +0 trident.
* * * LOW HITPOINT WARNING * * *
You block the hound's attack.
Your Dodging skill increases to level 1!
You closely miss the hound.
The hound is severely wounded.
The hound bites you.
* * * LOW HITPOINT WARNING * * *
The orc priest invokes the aid of Beogh against you.
Beogh smites you!
You die...

... ...# # ##...
#.## ##...#
#...##..#.# .
###...#....###.#
.....[.........#
#...#@†o.w#...
#...h.......
#.######...#. #
.... ..


You could see a hound, an orc priest and a dart slug.

Vanquished Creatures
  A bullfrog (D:5)
  A hound (D:4)
  A jelly (D:5)
  7 adders
  A white imp (D:5)
  A worm (D:5)
  4 dart slugs
  An orc (D:4)
  10 ball pythons
  9 bats
  5 endoplasms
  3 giant cockroaches
  3 hobgoblins
  7 kobolds
  6 quokkas
  4 frilled lizards
  4 goblins
  5 rats
73 creatures vanquished.

Vanquished Creatures (others)
  9 toadstools
9 creatures vanquished.

Grand Total: 82 creatures vanquished

Notes
Turn   | Place    | Note
-------+----------+-------------------------------------------
     0 | D:1      | LnG the Hill Orc Fighter began the quest for the Orb.
     0 | D:1      | Reached XP level 1. HP: 19/19 MP: 1/1
   236 | D:1      | Reached XP level 2. HP: 26/27 MP: 2/2
   826 | D:2      | Reached XP level 3. HP: 27/33 MP: 3/3
  1208 | D:2      | Reached XP level 4. HP: 40/40 MP: 4/4
  1873 | D:3      | Found a runed translucent gate.
  1873 | D:3      | Found a runed translucent gate.
  1873 | D:3      | Found a runed translucent gate.
  1893 | D:3      | Found a glowing golden altar of the Shining One.
  1894 | D:3      | Found a radiant altar of Vehumet.
  1895 | D:3      | Found a sacrificial altar of Ru.
  1896 | D:3      | Found a bloodstained altar of Trog.
  1936 | D:3      | Noticed SirDiesAlot's ghost (amateur DENe)
  2033 | D:3      | Found a blossoming altar of Fedhas.
  2055 | D:3      | Noticed an oklob plant
  2463 | D:4      | Reached XP level 5. HP: 37/47 MP: 5/5
  3123 | D:5      | Entered Level 5 of the Dungeon
  3128 | D:5      | Reached skill level 5 in Fighting
  3136 | D:5      | Reached skill level 5 in Axes
  3140 | D:5      | HP: 1/48 [hound (3)]
  3141 | D:5      | Reached XP level 6. HP: 1/56 MP: 6/6
  3147 | D:5      | Reached skill level 1 in Dodging
  3147 | D:5      | Killed from afar by an orc priest

Illustrated notes

Levels and vault maps discovered:
D:1:      dpeg_arrival_more_subterranean_lakeside_camping, layout_basic,
          minmay_gold_behind_fungi, grunt_decor_resistance
D:2:      layout_basic
D:3:      layout_rooms, tgw_fedhas, mainiacjoe_overflow_alcove_3,
          gammafunk_ghost_icy
D:4:      layout_gridville
D:5:      wander_guarded_unrand_ratskin, layout_loops_ring,
          kennysheep_ying_yang, lemuel_crystal_altar, minmay_fractal_squares_5,
          uniq_ijyb, uniq_pikel

Skill      XL: |  1  2  3  4  5  6 |
---------------+-------------------+-----
Fighting       | 4 5 |  5.1
Axes           | 3 4 5 |  5.5
Shields        | 4 |  4.1
Armour         | 4 |  4.2
Dodging        | 1 |  1.0

Action                   |  1- 3 |  4- 6 || total
-------------------------+-------+-------++-------
Melee: War axe           |   108 |   128 ||   236
  Use: Potion            |       |     3 ||     3
Armor: Scale mail        |    65 |    91 ||   156
Dodge: Dodged            |    66 |    85 ||   151
Block: Buckler           |    23 |    34 ||    57

Table legend: (Time is in decaauts)
 A = Elapsed time spent in this place.
 B = Non-inter-level travel time spent in this place.
 C = Inter-level travel time spent in this place.
 D = Time resting spent in this place.
 E = Time spent auto-exploring this place.
 F = Levels seen in this place.
 G = Mean time per level.
                   A        B        C        D        E       F      G
               +--------+--------+--------+--------+--------+-----+--------+
         Total |   3237 |   3136 |    101 |    203 |   2318 |   5 |  647.4 |
       Dungeon |   3237 |   3136 |    101 |    203 |   2318 |   5 |  647.4 |
               +--------+--------+--------+--------+--------+-----+--------+

Top non-repeatable levels by time:
     D:2: 909 daAuts
     D:1: 839 daAuts
     D:4: 796 daAuts
     D:3: 662 daAuts
     D:5: 29 daAuts
